 Dungeon Crawl Stone Soup version 0.30.0-29-ga12c61a403 (webtiles) character file.

Game seed: 5889939274182911339

2404 qw the Cleaver (level 9, -1/55 HPs)
             Began as a Gargoyle Fighter on June 2, 2023.
             Was a Believer of Okawaru.
             Slain by a gnoll
             ... wielding a +0 spear
             ... led by a gnoll bouda
              (4 damage)
             ... on level 7 of the Dungeon.
             The game lasted 00:03:03 (5734 turns).

qw the Cleaver (Gargoyle Fighter)                   Turns: 5734, Time: 00:03:04

Health: -1/55      AC: 28    Str: 22    XL:     9   Next: 47%
Magic:  9/10       EV: 11    Int:  9    God:    Okawaru [**....]
Gold:   245        SH:  0    Dex: 15    Spells: 8/8 levels left

rFire   . . .        g - +0 broad axe
rCold   . . .        c - +0 buckler
rNeg    + . .        t - +0 shadow dragon scales
rPois   inf          u - +2 hat
rElec   +            (no cloak)
rCorr   .            l - +2 pair of gloves
SInv    .            (no boots)
Will    +....        (no amulet)
Stlth   +++++        r - ring of willpower
HPRegen 0.29/turn    a - +5 ring of evasion
MPRegen 0.12/turn

%: no passive effects
@: heroic, held
A: sickness immunity, AC +6, negative energy resistance 1, electricity
resistance, torment resistance 1, petrification resistance, thin skeletal
structure 1, agile 1, low MP 1
a: Renounce Religion, Heroism


You were on level 7 of the Dungeon.
You worshipped Okawaru.
Okawaru was pleased with you.
You visited 1 branch of the dungeon, and saw 7 of its levels.

You collected 520 gold pieces.
You spent 275 gold pieces at shops.


Innate Abilities, Weirdness & Mutations

You are immune to sickness and miasma.
Your stone body is resilient. (AC +6)
You are immune to poison.
You resist negative energy. (rN+)
You are resistant to electric shocks. (rElec)
You are resistant to unholy torment.
You are immune to petrification.
You have a somewhat thin skeletal structure. (Dex +2, Stealth+)
You are agile. (Dex +4, Str/Int -1)
Your magical capacity is low. (-10% MP)


   Skills:
 - Level 6.0(11.0) Fighting
 - Level 9.0(14.0) Axes
 - Level 5.4(10.4) Armour
 - Level 2.0(7.0) Dodging
 + Level 3.6(8.6) Shields
 - Level 4.0 Invocations


You had 8 spell levels left.
You didn't know any spells.
Your spell library was empty.

Inventory:

Hand Weapons
 g - a +0 broad axe (weapon)
 o - a +0 morningstar
Armour
 c - a +0 buckler (worn)
 l - a +2 pair of gloves (worn)
 t - +0 shadow dragon scales (worn)
 u - a +2 hat (worn)
Jewellery
 a - a +5 ring of evasion (right hand)
 f - a ring of ice
 p - a ring of fire
 r - a ring of willpower (left hand)
Scrolls
 m - 2 scrolls of identify
 n - 3 scrolls of enchant weapon {unknown}
Potions
 b - a potion of invisibility {unknown}
 d - 3 potions of might
 h - a potion of curing
 i - a potion of haste {unknown}
 j - a potion of mutation
 k - a potion of brilliance {unknown}
 q - a potion of lignification {unknown}

Dungeon Overview and Level Annotations

Branches:
Dungeon (7/15)             Temple (0/1) D:4

Altars:
Elyvilon
Fedhas
Hepliaklqana
Okawaru
Ru
Uskayaw
Vehumet
Xom

Shops:
D:4 =


Message History

The gnoll bouda misses you. You block the gnoll's attack.
You hit the gnoll bouda but do no damage.
The gnoll bouda is heavily wounded.
You slash the gnoll!
You kill the gnoll!
Okawaru accepts your kill.
You feel like a meek peon again.
Your attacks no longer feel as feeble.
The gnoll bouda hits you with a +0 whip.
5723 ||| INVOKING Heroism.
You gain the combat prowess of a mighty hero.
The gnoll bouda closely misses you.
You slash the gnoll bouda!
You kill the gnoll bouda!
Okawaru accepts your kill.
You slash the gnoll!
You kill the gnoll!
Okawaru accepts your kill.
You hear a shout!
The gnoll throws a throwing net.
The throwing net hits you.
You become entangled in the net!
A gnoll comes into view. It is wielding a +0 spear.
You hear an angry buzzing noise.
You hear an angry buzzing noise.
The gnoll barely misses you. The gnoll hits you but does no damage.
The gnoll hits you but does no damage.
You struggle against the net.
The gnoll hits you but does no damage. The gnoll barely misses you.
The gnoll hits you but does no damage. The gnoll hits you with a +0 spear.
The boulder beetle bites you.
5730 ||| DRINKING potion of heal wounds.
You feel much better. The gnoll barely misses you.
The boulder beetle barely misses you.
The gnoll hits you from afar with a +0 spear.
The gnoll hits you but does no damage.
The boulder beetle bites you but does no damage.
The gnoll is no longer moving quickly.
The gnoll hits you but does no damage. x2
The boulder beetle bites you!
The gnoll hits you but does no damage. x2; The boulder beetle bites you.
The gnoll hits you from afar with a +0 spear.
You die...

#.#.#.#.#.#.#.#.
.#.#.#.#.#.#.#.#
.#.#.#.#.#.#.#.
.#.#.#.#.#.#.# g
.#.#.#.#.#.#.#.#.#. ..#
##.#.#.#.#.#.#.#.#.#
.g.g
#.#.#.#.#.#.#.#.#.#.
#g5##)#.#.#.#.#.#.#.#.#
#...#@#.#.#.#.#.#.#.#.
#g#B#.#.#.#.#.#.#.#
#!g#.#.#(#.#.#.#.#.#.
#.#.#.#.#.#.#.#.#.#.#
##.#.#.#.#.#.#.#.#.#.
#..#################
#.. # #. # #. #


You could see a boulder beetle and 2 gnolls.

Vanquished Creatures
  Prince Ribbit (D:7)
  Grinder (D:3)
  Sigmund (D:3)
  Menkaure (D:7)
  2 ice beasts
  Pargi (D:3)
  A black bear (D:6)
  3 ogres (D:5)
  A centaur (D:5)
  2 bullfrogs
  2 gnoll sergeants
  2 scorpions (D:5)
  An orc priest (D:5)
  2 hounds
  2 gnoll boudas
  2 jellies
  3 iguanas (D:4)
  Terence (D:2)
  2 orc wizards
  13 gnolls
  11 adders
  A shadow imp (D:6)
  A white imp (D:7)
  2 dart slugs
  13 orcs
  5 endoplasms
  3 giant cockroaches
  8 goblins
  4 hobgoblins
  A jackal (D:2)
  9 kobolds
  2 quokkas
  6 ball pythons
  5 bats
  5 frilled lizards
  6 rats
126 creatures vanquished.

Notes
Turn   | Place    | Note
-------+----------+-------------------------------------------
     0 | D:1      | qw the Gargoyle Fighter began the quest for the Orb.
     0 | D:1      | Reached XP level 1. HP: 14/14 MP: 1/1
     0 | D:1      | 0 ||| qw: Version: 0.2-a-102-gdf20003
     0 | D:1      | 0 ||| qw: Game counter: 918
     0 | D:1      | 0 ||| qw: Always use a shield: true
     0 | D:1      | 0 ||| qw: God list: Okawaru
     0 | D:1      | 0 ||| qw: Allow faded altars: false
     0 | D:1      | 0 ||| qw: Do Orc after D:15 true
     0 | D:1      | 0 ||| qw: Do second Lair branch before Depths: true
     0 | D:1      | 0 ||| qw: Lair rune preference: random
     0 | D:1      | 0 ||| qw: Plans: Normal, Zot:1-4, Slime:5, God:TSO, Crypt,
                  | Tomb, Pan, Hells, Abyss, Win
     0 | D:1      | 0 ||| PLANNING D:1-11
    22 | D:1      | Reached skill level 2 in Axes
    98 | D:1      | Reached XP level 2. HP: 19/19 MP: 2/2
   299 | D:1      | 299 ||| DROPPING +0 club.
   497 | D:1      | Reached skill level 3 in Axes
   659 | D:1      | 659 ||| Stepping ~*~*~tactically~*~*~ (hiding).
   660 | D:1      | 660 ||| Stepping ~*~*~tactically~*~*~ (hiding).
   903 | D:1      | 903 ||| READING scroll labelled BIPTUA BAWEX.
   908 | D:1      | 908 ||| READING scroll labelled TUMEVO XICK.
   909 | D:1      | 909 ||| READING scroll labelled HUIWER YXZA.
   910 | D:1      | 910 ||| DRINKING 2 metallic orange potions.
   919 | D:2      | Noticed Terence
   920 | D:2      | Reached XP level 3. HP: 23/23 MP: 3/3
   935 | D:2      | Killed Terence
   963 | D:2      | Found a faded altar of an unknown god.
  1033 | D:2      | Reached XP level 4. HP: 28/28 MP: 4/4
  1170 | D:2      | 1170 ||| Stepping ~*~*~tactically~*~*~ (hiding).
  1431 | D:2      | Reached skill level 4 in Axes
  1467 | D:2      | 1467 ||| UPGRADING to +2 scale mail of fire resistance.
  1477 | D:2      | 1477 ||| DROPPING +0 scale mail.
  1478 | D:2      | 1478 ||| UPGRADING to +0 pair of gloves.
  1483 | D:2      | 1483 ||| READING scroll labelled GYLUEM POTUUNK.
  1484 | D:2      | 1484 ||| READING 2 scrolls labelled AMMEQ READGHUSA.
  1485 | D:2      | 1485 ||| READING scroll of enchant armour.
  1485 | D:2      | 1485 ||| ENCHANTING +0 pair of gloves.
  1486 | D:2      | 1486 ||| READING scroll labelled WEDGHAZ JUUCIZ.
  1487 | D:2      | 1487 ||| DRINKING 2 amethyst potions.
  1487 | D:2      | Gained mutation: You are agile. (Dex +4, Str/Int -1)
                  | [potion of mutation]
  1487 | D:2      | Gained mutation: Your magical capacity is low. (-10% MP)
                  | [potion of mutation]
  1487 | D:2      | Gained mutation: You have a somewhat thin skeletal
                  | structure. (Dex +2, Stealth+) [potion of mutation]
  1624 | D:3      | 1624 ||| Stepping ~*~*~tactically~*~*~ (stealth).
  1716 | D:3      | 1716 ||| Stepping ~*~*~tactically~*~*~ (stealth).
  1718 | D:3      | 1718 ||| Stepping ~*~*~tactically~*~*~ (stealth).
  1765 | D:3      | Found a hazy altar of Hepliaklqana.
  1767 | D:3      | 1767 ||| Stepping ~*~*~tactically~*~*~ (stealth).
  1769 | D:3      | 1769 ||| Stepping ~*~*~tactically~*~*~ (stealth).
  1771 | D:3      | 1771 ||| Stepping ~*~*~tactically~*~*~ (hiding).
  1772 | D:3      | 1772 ||| Stepping ~*~*~tactically~*~*~ (hiding).
  1798 | D:3      | 1798 ||| DROPPING +0 whip.
  1973 | D:3      | 1973 ||| Stepping ~*~*~tactically~*~*~ (stealth).
  1975 | D:3      | 1975 ||| Stepping ~*~*~tactically~*~*~ (stealth).
  1977 | D:3      | 1977 ||| Stepping ~*~*~tactically~*~*~ (stealth).
  1979 | D:3      | 1979 ||| Stepping ~*~*~tactically~*~*~ (stealth).
  1981 | D:3      | 1981 ||| Stepping ~*~*~tactically~*~*~ (stealth).
  1983 | D:3      | 1983 ||| Stepping ~*~*~tactically~*~*~ (stealth).
  1985 | D:3      | 1985 ||| Stepping ~*~*~tactically~*~*~ (hiding).
  1992 | D:3      | Reached skill level 1 in Dodging
  1992 | D:3      | 1992 ||| FLEEEEING.
  1993 | D:3      | 1993 ||| FLEEEEING.
  2074 | D:3      | Noticed Pargi
  2102 | D:3      | Killed Pargi
  2103 | D:3      | Reached XP level 5. HP: 12/32 MP: 4/4
  2331 | D:3      | Found an iron altar of Okawaru.
  2332 | D:3      | 2332 ||| PLANNING OKAWARU WORSHIP
  2332 | D:3      | 2332 ||| UPGRADING to +0 plate armour.
  2350 | D:3      | Reached skill level 5 in Axes
  2354 | D:3      | Became a worshipper of Warmaster Okawaru
  2354 | D:3      | 2354 ||| PLANNING D:1-11
  2373 | D:3      | Noticed Sigmund
  2374 | D:3      | 2374 ||| Stepping ~*~*~tactically~*~*~ (hiding).
  2385 | D:3      | Killed Sigmund
  2386 | D:3      | Reached XP level 6. HP: 34/40 MP: 5/5
  2429 | D:3      | Noticed Grinder
  2446 | D:3      | HP: 5/40 [Grinder (11)]
  2447 | D:3      | 2447 ||| DRINKING 4 potions of heal wounds.
  2448 | D:3      | Paralysed by Grinder for 4 turns
  2451 | D:3      | HP: 9/40 [Grinder (2)]
  2452 | D:3      | HP: 3/40 [Grinder (5)]
  2452 | D:3      | HP: 1/40 [Grinder (2)]
  2453 | D:3      | 2453 ||| DRINKING 3 potions of heal wounds.
  2456 | D:3      | Paralysed by Grinder for 2 turns
  2457 | D:3      | HP: 10/40 [Grinder (9)]
  2461 | D:3      | 2461 ||| DRINKING 2 potions of heal wounds.
  2464 | D:3      | Paralysed by Grinder for 4 turns
  2472 | D:3      | Killed Grinder
  2472 | D:3      | Reached * piety under Okawaru
  2473 | D:3      | Reached skill level 6 in Axes
  2473 | D:3      | Reached XP level 7. HP: 33/44 MP: 6/6
  2658 | D:3      | Found a hide-covered altar of Uskayaw.
  2805 | D:4      | Found a staircase to the Ecumenical Temple.
  2822 | D:4      | Reached skill level 1 in Invocations
  2822 | D:4      | 2822 ||| FLEEEEING.
  2823 | D:4      | 2823 ||| FLEEEEING.
  2946 | D:4      | 2946 ||| Stepping ~*~*~tactically~*~*~ (stealth).
  2947 | D:4      | 2947 ||| Stepping ~*~*~tactically~*~*~ (stealth).
  2958 | D:4      | 2958 ||| Stepping ~*~*~tactically~*~*~ (stealth).
  2961 | D:4      | 2961 ||| Stepping ~*~*~tactically~*~*~ (stealth).
  2973 | D:4      | 2973 ||| DROPPING +0 whip of venom.
  2975 | D:4      | 2975 ||| Stepping ~*~*~tactically~*~*~ (stealth).
  2977 | D:4      | 2977 ||| Stepping ~*~*~tactically~*~*~ (hiding).
  2978 | D:4      | 2978 ||| Stepping ~*~*~tactically~*~*~ (hiding).
  3012 | D:4      | Reached ** piety under Okawaru
  3049 | D:4      | Found Xyuruod's Jewellery Shop.
  3059 | D:4      | 3059 ||| SHOPLISTING amulet of reflection (330 gold, have
                  | 320).
  3059 | D:4      | 3059 ||| BUYING ring of fire (275 gold).
  3059 | D:4      | Bought a ring of fire for 275 gold pieces
  3059 | D:4      | 3059 ||| SHOPLISTING ring of positive energy (220 gold,
                  | have 45).
  3059 | D:4      | 3059 ||| SHOPLISTING ring of protection from cold (275
                  | gold, have 45).
  3059 | D:4      | 3059 ||| SHOPLISTING ring of protection from fire (275
                  | gold, have 45).
  3059 | D:4      | 3059 ||| SHOPLISTING ring of the Octopus King {rC+ HP+2
                  | AC+2 EV+2 SH+2} (675 gold, have 45).
  3059 | D:4      | 3059 ||| SHOPLISTING ring of willpower (275 gold, have 45).
  3087 | D:4      | 3087 ||| READING scroll of enchant armour.
  3087 | D:4      | 3087 ||| ENCHANTING +1 pair of gloves.
  3208 | D:4      | Found a white marble altar of Elyvilon.
  3210 | D:4      | Found a shimmering altar of Xom.
  3210 | D:4      | Found a blossoming altar of Fedhas.
  3210 | D:4      | Found a sacrificial altar of Ru.
  3454 | D:4      | 3454 ||| READING 2 scrolls labelled IRGHACKAANK.
  3555 | D:4      | 3555 ||| READING scroll labelled VEALOS QIR.
  3556 | D:4      | 3556 ||| DROPPING scroll of silence.
  3631 | D:5      | Entered Level 5 of the Dungeon
  3679 | D:5      | 3679 ||| INVOKING Heroism.
  3696 | D:5      | Reached skill level 3 in Invocations
  3822 | D:5      | Found the +0 toga "Victory" {*Victory Clar}
  3852 | D:5      | Reached XP level 8. HP: 49/49 MP: 9/9
  4014 | D:5      | 4014 ||| Stepping ~*~*~tactically~*~*~ (hiding).
  4016 | D:5      | 4016 ||| INVOKING Heroism.
  4025 | D:5      | HP: 9/49 [centaur (4)]
  4026 | D:5      | 4026 ||| DRINKING 2 potions of heal wounds.
  4030 | D:5      | Reached skill level 7 in Axes
  4529 | D:5      | 4529 ||| DROPPING +2 scale mail of fire resistance.
  4530 | D:5      | 4530 ||| UPGRADING to +0 shadow dragon scales.
  4540 | D:5      | 4540 ||| DROPPING +0 plate armour.
  4541 | D:5      | 4541 ||| UPGRADING to +2 hat.
  4546 | D:5      | 4546 ||| UPGRADING to ring of willpower.
  4547 | D:5      | 4547 ||| READING scroll labelled CIECHI SA FID.
  4548 | D:5      | 4548 ||| READING scroll labelled SIER VUCECZAORCH.
  4549 | D:5      | 4549 ||| READING scroll labelled HAJ FEACWIGUI.
  4550 | D:5      | 4550 ||| DRINKING 4 viscous silvery potions.
  4551 | D:5      | 4551 ||| READING 2 scrolls of identify.
  4551 | D:5      | 4551 ||| IDENTIFYING sedimented emerald potion
  4552 | D:5      | 4552 ||| DROPPING 3 potions of degeneration.
  4650 | D:6      | 4650 ||| Stepping ~*~*~tactically~*~*~ (stealth).
  4652 | D:6      | 4652 ||| Stepping ~*~*~tactically~*~*~ (stealth).
  4654 | D:6      | 4654 ||| Stepping ~*~*~tactically~*~*~ (stealth).
  4656 | D:6      | 4656 ||| Stepping ~*~*~tactically~*~*~ (stealth).
  4658 | D:6      | 4658 ||| Stepping ~*~*~tactically~*~*~ (stealth).
  4660 | D:6      | 4660 ||| Stepping ~*~*~tactically~*~*~ (stealth).
  4662 | D:6      | 4662 ||| Stepping ~*~*~tactically~*~*~ (stealth).
  4700 | D:6      | 4700 ||| Stepping ~*~*~tactically~*~*~ (stealth).
  4702 | D:6      | 4702 ||| Stepping ~*~*~tactically~*~*~ (stealth).
  4704 | D:6      | 4704 ||| Stepping ~*~*~tactically~*~*~ (stealth).
  4706 | D:6      | 4706 ||| Stepping ~*~*~tactically~*~*~ (stealth).
  4708 | D:6      | 4708 ||| Stepping ~*~*~tactically~*~*~ (stealth).
  4710 | D:6      | 4710 ||| Stepping ~*~*~tactically~*~*~ (stealth).
  4712 | D:6      | 4712 ||| Stepping ~*~*~tactically~*~*~ (stealth).
  4714 | D:6      | 4714 ||| Stepping ~*~*~tactically~*~*~ (stealth).
  4716 | D:6      | 4716 ||| Stepping ~*~*~tactically~*~*~ (stealth).
  4718 | D:6      | 4718 ||| Stepping ~*~*~tactically~*~*~ (stealth).
  4720 | D:6      | 4720 ||| Stepping ~*~*~tactically~*~*~ (stealth).
  4740 | D:6      | 4740 ||| Stepping ~*~*~tactically~*~*~ (stealth).
  4771 | D:6      | Reached skill level 8 in Axes
  4860 | D:6      | 4860 ||| INVOKING Heroism.
  4905 | D:6      | 4905 ||| Stepping ~*~*~tactically~*~*~ (stealth).
  4907 | D:6      | 4907 ||| Stepping ~*~*~tactically~*~*~ (stealth).
  4967 | D:6      | Found a radiant altar of Vehumet.
  5067 | D:6      | 5067 ||| Stepping ~*~*~tactically~*~*~ (stealth).
  5069 | D:6      | 5069 ||| Stepping ~*~*~tactically~*~*~ (stealth).
  5071 | D:6      | 5071 ||| Stepping ~*~*~tactically~*~*~ (stealth).
  5073 | D:6      | 5073 ||| Stepping ~*~*~tactically~*~*~ (stealth).
  5075 | D:6      | 5075 ||| Stepping ~*~*~tactically~*~*~ (stealth).
  5077 | D:6      | 5077 ||| Stepping ~*~*~tactically~*~*~ (hiding).
  5080 | D:6      | 5080 ||| INVOKING Heroism.
  5097 | D:6      | Reached XP level 9. HP: 48/54 MP: 8/10
  5147 | D:6      | 5147 ||| Stepping ~*~*~tactically~*~*~ (stealth).
  5149 | D:6      | 5149 ||| Stepping ~*~*~tactically~*~*~ (stealth).
  5185 | D:6      | 5185 ||| Stepping ~*~*~tactically~*~*~ (stealth).
  5187 | D:6      | 5187 ||| Stepping ~*~*~tactically~*~*~ (stealth).
  5189 | D:6      | 5189 ||| Stepping ~*~*~tactically~*~*~ (stealth).
  5191 | D:6      | 5191 ||| Stepping ~*~*~tactically~*~*~ (stealth).
  5193 | D:6      | 5193 ||| Stepping ~*~*~tactically~*~*~ (stealth).
  5195 | D:6      | 5195 ||| Stepping ~*~*~tactically~*~*~ (stealth).
  5197 | D:6      | 5197 ||| Stepping ~*~*~tactically~*~*~ (stealth).
  5199 | D:6      | 5199 ||| Stepping ~*~*~tactically~*~*~ (stealth).
  5201 | D:6      | 5201 ||| Stepping ~*~*~tactically~*~*~ (stealth).
  5203 | D:6      | 5203 ||| INVOKING Heroism.
  5290 | D:6      | 5290 ||| Stepping ~*~*~tactically~*~*~ (stealth).
  5292 | D:6      | 5292 ||| Stepping ~*~*~tactically~*~*~ (stealth).
  5294 | D:6      | 5294 ||| Stepping ~*~*~tactically~*~*~ (stealth).
  5296 | D:6      | 5296 ||| Stepping ~*~*~tactically~*~*~ (stealth).
  5298 | D:6      | 5298 ||| Stepping ~*~*~tactically~*~*~ (stealth).
  5300 | D:6      | 5300 ||| Stepping ~*~*~tactically~*~*~ (stealth).
  5302 | D:6      | 5302 ||| Stepping ~*~*~tactically~*~*~ (hiding).
  5311 | D:6      | 5311 ||| Stepping ~*~*~tactically~*~*~ (hiding).
  5320 | D:6      | Reached skill level 6 in Fighting
  5426 | D:6      | 5426 ||| DROPPING amulet of guardian spirit.
  5427 | D:6      | 5427 ||| UPGRADING to +5 ring of evasion.
  5468 | D:7      | Noticed Menkaure
  5469 | D:7      | 5469 ||| Stepping ~*~*~tactically~*~*~ (stealth).
  5471 | D:7      | 5471 ||| INVOKING Heroism.
  5474 | D:7      | Killed Menkaure
  5527 | D:7      | 5527 ||| Stepping ~*~*~tactically~*~*~ (stealth).
  5529 | D:7      | 5529 ||| Stepping ~*~*~tactically~*~*~ (stealth).
  5532 | D:7      | 5532 ||| Stepping ~*~*~tactically~*~*~ (stealth).
  5548 | D:7      | Identified the +0 sling "Peps" {freeze, rC+ Int+3 Stlth+}
  5637 | D:7      | 5637 ||| SWAPPING to +0 broad axe.
  5642 | D:7      | 5642 ||| DROPPING +0 war axe of protection.
  5662 | D:7      | Noticed Prince Ribbit
  5663 | D:7      | 5663 ||| Stepping ~*~*~tactically~*~*~ (stealth).
  5666 | D:7      | 5666 ||| Stepping ~*~*~tactically~*~*~ (stealth).
  5668 | D:7      | 5668 ||| Stepping ~*~*~tactically~*~*~ (stealth).
  5671 | D:7      | 5671 ||| INVOKING Heroism.
  5677 | D:7      | Noticed a boulder beetle
  5686 | D:7      | Killed Prince Ribbit
  5687 | D:7      | Reached skill level 9 in Axes
  5698 | D:7      | 5698 ||| INVOKING Heroism.
  5716 | D:7      | 5716 ||| Stepping ~*~*~tactically~*~*~ (hiding).
  5723 | D:7      | 5723 ||| INVOKING Heroism.
  5729 | D:7      | HP: 12/55 [gnoll/+0 spear[a gnoll bouda] (6)]
  5730 | D:7      | 5730 ||| DRINKING potion of heal wounds.
  5733 | D:7      | HP: 3/55 [boulder beetle (5)]
  5734 | D:7      | Slain by a gnoll

Levels and vault maps discovered:
D:1:      dpeg_arrival_stonehenge_8_columns, layout_basic, serial_bayou_pond_d
D:2:      layout_rooms, hellmonk_ecumenical_altar_arch_garden, minmay_circle_x,
          uniq_terence
D:3:      layout_loops_corners, overflow_temple_1_default,
          mainiacjoe_overflow_small_starburst, general_overflow_altar,
          uniq_grinder, uniq_pargi, uniq_sigmund
D:4:      layout_basic, grunt_temple_overflow_open, minmay_temple_entry_slanted,
          serial_shops, nicolae_shop_gaudy_bauble
D:5:      layout_loops_ring, nrook_mini_vaults, minmay_misc_feat_plants,
          hangedman_decor_lopped
D:6:      layout_loops_ring, kennysheep_mini_moat
D:7:      layout_basic, mainiacjoe_overflow_alcove_2, serial_glass,
          glass_columns_b, glass_columns_a, uniq_prince_ribbit1, uniq_menkaure,
          uniq_joseph

Skill      XL: |  1  2  3  4  5  6  7  8  9 |
---------------+----------------------------+-----
Axes           | 2 3 4 5 6 8 9 |  9.0
Dodging        | 1 2 |  2.0
Fighting       | 5 6 |  6.0
Invocations    | 3 4 |  4.0
Armour         | 4 5 |  5.4
Shields        | |  3.6

Action                     |  1- 3 |  4- 6 |  7- 9 || total
---------------------------+-------+-------+-------++-------
  Melee: War axe           |    78 |   103 |   223 ||   404
         Unarmed           |       |    11 |       ||    11
         Broad axe         |       |       |    41 ||    41
 Invoke: Heroism           |       |       |     9 ||     9
    Use: Scroll            |     3 |     4 |     7 ||    14
         Potion            |     1 |     4 |     3 ||     8
 Armour: Scale mail        |    37 |    76 |       ||   113
         Plate armour      |       |     8 |    72 ||    80
         Shadow dragon sca |       |       |    81 ||    81
  Dodge: Dodged            |    35 |    70 |    98 ||   203
  Block: Buckler           |    17 |    24 |    64 ||   105

Table legend:
 A = Non-vault XP
 B = Vault XP
 C = Vault XP percentage of total XP
 D = Non-vault monster count
 E = Vault monster count
 F = Vault count percentage of total count
                 A         B        C        D         E       F
            +---------+---------+-------+---------+---------+-------
      Total |    2313 |    1122 |  32.7 |     115 |      11 |   8.7
            +---------+---------+-------+---------+---------+-------
        D:1 |      31 |       0 |   0.0 |      19 |       0 |   0.0
        D:2 |      24 |      44 |  64.7 |      14 |       6 |  30.0
        D:3 |      45 |     635 |  93.4 |      14 |       3 |  17.6
        D:4 |     238 |       0 |   0.0 |      21 |       0 |   0.0
        D:5 |     828 |       0 |   0.0 |      13 |       0 |   0.0
        D:6 |     726 |       0 |   0.0 |      23 |       0 |   0.0
        D:7 |     421 |     443 |  51.3 |      11 |       2 |  15.4
            +---------+---------+-------+---------+---------+-------
